 Dungeon Crawl Stone Soup version 0.28-a0-1395-g4f6bc678fa (webtiles) character file.

Game seed: 16210759988840152226

772 croobank the Skirmisher (level 7, -6/62 (63) HPs)
             Began as a Hill Orc Fighter on Jan 4, 2022.
             Mangled by a yak (9 damage)
             ... on level 5 of the Dungeon.
             The game lasted 00:25:47 (5664 turns).

croobank the Skirmisher (Hill Orc Fighter)          Turns: 5664, Time: 00:25:47

HP:   -6/62 (63)    AC: 11    Str: 21    XL:     7   Next: 83%
MP:   7/7           EV:  8    Int:  8    God:
Gold: 261           SH:  5    Dex: 10    Spells: 6/6 levels left

rFire   . . .      SeeInvis .   E - +5 short sword (freeze)
rCold   . . .      Faith    .   c - +0 buckler
rNeg    . . .      Spirit   .   v - +0 chain mail
rPois   .          Reflect  .   (no helmet)
rElec   .          Harm     .   h - +0 cloak
rCorr   .          Rampage  .   (no gloves)
Will    .....                   (no boots)
Stlth   ..........              (no amulet)
HPRegen 0.20/turn               (no ring)
MPRegen 0.10/turn               (no ring)

@: mighty, lightly drained, very slow
A: no striking features
a: no special abilities


You were on level 5 of the Dungeon.
You visited 2 branches of the dungeon, and saw 6 of its levels.
You also visited: Sewer.

You collected 261 gold pieces.

Inventory:

Hand Weapons
 a - a +0 war axe
 d - a +2 dagger of venom
 k - a +0 dagger of protection
 z - a +2 scimitar of pain
 E - a +5 short sword of freezing (weapon)
Missiles
 e - 49 arrows
 f - 120 stones
 q - 22 sling bullets
 r - 19 poisoned darts (quivered)
 C - 22 bolts
Armour
 c - a +0 buckler (worn)
 h - a +0 cloak (worn)
 v - a +0 chain mail (worn)
 y - a +2 helmet of see invisible
Magical Staves
 b - a staff of air
Jewellery
 o - a ring of ice
Wands
 t - a wand of charming (6)
Scrolls
 j - a scroll of identify
 l - a scroll of magic mapping
 m - a scroll of enchant armour
 n - a scroll of summoning
 A - a scroll of teleportation {unknown}
Potions
 g - a potion of magic {unknown}
 i - a potion of attraction {unknown}
 s - 2 potions of resistance {unknown}
 x - 2 potions of lignification
 B - a potion of degeneration {unknown}
 D - a potion of flight {unknown}


   Skills:
 + Level 6.1 Fighting
 + Level 6.0 Axes
 + Level 5.6 Armour
 + Level 5.7 Shields


You had 6 spell levels left.
You didn't know any spells.
Your spell library contained the following spells:

 Spells                   Type           Power      Damage    Failure   Level
 Beastly Appendage        Tmut           0%         N/A       98%         1
 Wereblood                Tmut           0%         N/A       99%         2
 Ozocubu's Armour         Ice            0%         N/A       100%        3
 Spider Form              Tmut/Pois      0%         N/A       100%        3
 Summon Lightning Spire   Summ/Air       0%         N/A       100%        4
 Ozocubu's Refrigeration  Ice            0%         4d5       100%        7
 Storm Form               Tmut/Air       0%         N/A       100%        7
 Maxwell's Capacitive Co  Air            0%         ∞         100%        8


Dungeon Overview and Level Annotations

Branches:
Dungeon (5/15)             Temple (1/1) D:4           Sewer (visited)

Altars:
Ashenzari
Cheibriados
Elyvilon
Fedhas
Gozag
Hepliaklqana
Kikubaaqudgha
Makhleb
Nemelex Xobeh
Okawaru
Ru
Sif Muna
Trog
Uskayaw
Wu Jian
Xom
Yredelemnul
Zin
The Shining One
Lugonu

Portals:
Abyss: D:3


Message History

Your unstable footing causes you to fumble your attack.
You block the yak's attack. The yak gores you.
Your unstable footing causes you to fumble your attack.
The yak barely misses you. The yak closely misses you. The yak gores you!
As you read the scroll of identify, it crumbles to dust.
l - a scroll of magic mapping You block the yak's attack.
The yak gores you!
Okay, then.
As you read the scroll of identify, it crumbles to dust.
m - a scroll of enchant armour The yak barely misses you.
The yak gores you.
* * * LOW HITPOINT WARNING * * *
It was a potion of curing.
You feel better. The yak gores you but does no damage.
You block the yak's attack.
As you read the scroll of identify, it crumbles to dust.
n - a scroll of summoning The yak gores you!
* * * LOW HITPOINT WARNING * * *
The yak gores you.
* * * LOW HITPOINT WARNING * * *
As you read the scroll labelled KEJED GAMUPPO, it crumbles to dust.
It is a scroll of amnesia.
You feel forgetful for a moment. The yak gores you!
* * * LOW HITPOINT WARNING * * *
The yak barely misses you.
Okay, then.
You feel better. The yak gores you!
* * * LOW HITPOINT WARNING * * *
The yak gores you.
* * * LOW HITPOINT WARNING * * *
As you read the scroll labelled CUSEUG QIPRUF, it crumbles to dust.
It is a scroll of enchant weapon.
Your +4 short sword of freezing glows red for a moment.
You block the yak's attack. x2
Aiming: Charm
Press: ? - help, Shift-Dir - straight line, f - yak
Aim: a yak (moderately wounded, chance to affect: 49%)
The yak resists with some effort.
The yak gores you but does no damage. The yak gores you!
You die...

+##'...# #≈≈#...#
##≈÷##Y.# #≈≈≈≈#..#
#≈≈≈≈#..# ##≈≈##Y.#
#BY#...# ###
##YY##Y.# #..
#≈YY@#..###########..
######..........#<...
.....................
.##....#..Y......#.#.
...................#.
.##..........#.......
#...####...........
#... ###.#.......
.... #.........


You could see 5 yaks and a giant cockroach.

Vanquished Creatures
  Sigmund (D:3)
  A sky beast (D:5)
  Blork the orc (D:4)
  A scorpion (D:5)
  2 bullfrog skeletons (D:4)
  2 hounds (D:4)
  An iguana (D:4)
  A hell rat (Sewer)
  A hound skeleton (D:4)
  7 adders
  5 river rats (Sewer)
  3 worms
  3 dart slugs
  12 orcs
  7 endoplasms
  8 giant cockroaches
  10 goblins
  9 hobgoblins
  8 kobolds
  4 quokkas (D:2)
  7 ball pythons
  4 bats
  2 frilled lizards
  12 rats
112 creatures vanquished.

Vanquished Creatures (others)
  A lurking horror (D:3)
1 creature vanquished.

Grand Total: 113 creatures vanquished

Notes
Turn   | Place    | Note
-------+----------+-------------------------------------------
     0 | D:1      | croobank the Hill Orc Fighter began the quest for the Orb.
     0 | D:1      | Reached XP level 1. HP: 19/19 MP: 1/1
   192 | D:1      | Reached XP level 2. HP: 27/27 MP: 2/2
   227 | D:1      | Upgraded the game from 0.28-a0-1389-gc726bef33b to
                  | 0.28-a0-1395-g4f6bc678fa
   578 | D:1      | Found a faded altar of an unknown god.
   815 | D:2      | Reached XP level 3. HP: 33/33 MP: 3/3
  1689 | D:2      | Reached XP level 4. HP: 40/40 MP: 4/4
  2383 | D:3      | Found a one-way gate to the infinite horrors of the Abyss.
  2388 | D:3      | Found a corrupted altar of Lugonu.
  2901 | D:3      | Found an ornate altar of the Wu Jian Council.
  3003 | D:3      | Reached XP level 5. HP: 47/47 MP: 5/5
  3458 | D:3      | Noticed Sigmund
  3463 | D:3      | Killed Sigmund
  3464 | D:3      | Reached skill level 5 in Fighting
  3464 | D:3      | Reached XP level 6. HP: 56/56 MP: 6/6
  4045 | D:4      | Noticed Blork the orc
  4067 | D:4      | Killed Blork the orc
  4068 | D:4      | Reached skill level 5 in Axes
  4068 | D:4      | Reached skill level 5 in Shields
  4075 | D:4      | Reached skill level 5 in Armour
  4171 | D:4      | Found a staircase to the Ecumenical Temple.
  4181 | D:4      | Reached XP level 7. HP: 61/61 MP: 7/7
  4197 | Temple   | Entered the Ecumenical Temple
  5002 | D:5      | Entered Level 5 of the Dungeon
  5036 | D:5      | Noticed a yak
  5037 | D:5      | Noticed a yak
  5037 | D:5      | Noticed a yak
  5038 | D:5      | Noticed a yak
  5038 | D:5      | Noticed a yak
  5086 | D:5      | Found a glowing drain.
  5090 | Sewer    | Entered a sewer
  5662 | D:5      | HP: 3/62 [yak (3)]
  5664 | D:5      | Mangled by a yak

Illustrated notes

Levels and vault maps discovered:
D:1:      erik_arrival_orb_chamber, layout_loops_ring,
          ebering_ecumenical_altar_hall, minmay_misc_feat_more_columns,
          minmay_misc_feat_diagonals
D:2:      layout_loops_corners, minmay_crystal_room, mrwooster_statue_mirror,
          minmay_joined_circles
D:3:      layout_loops_cross, nicolae_wu_jian_immortal_techniques,
          amcnicky_altar_lugonu_corruption, uniq_sigmund
D:4:      layout_loops_corners, minmay_temple_entry_drinking_statues,
          uniq_blork_the_orc
D:5:      minmay_diamond_boxcup, layout_rooms, gup_sewer_entry_bowl,
          kennysheep_generic_room_12
Temple:   mainiacjoe_temple_coin_purse

Skill      XL: |  1  2  3  4  5  6  7 |
---------------+----------------------+-----
Axes           | 3 4 5 6 |  6.0
Fighting       | 4 5 6 |  6.1
Shields        | 4 5 |  5.7
Armour         | 4 5 |  5.6

Action                   |  1- 3 |  4- 6 |  7- 9 || total
-------------------------+-------+-------+-------++-------
Melee: War axe           |   100 |   185 |    22 ||   307
       Unarmed           |       |    11 |       ||    11
       Short sword       |       |       |    95 ||    95
Throw: Dart              |       |     5 |       ||     5
Evoke: Wand              |       |       |     1 ||     1
  Use: Potion            |       |     2 |     4 ||     6
       Scroll            |       |       |     6 ||     6
Armor: Scale mail        |    39 |    45 |       ||    84
       Chain mail        |       |    54 |    74 ||   128
       Skin              |       |     2 |       ||     2
Dodge: Dodged            |    41 |    78 |    58 ||   177
Block: Buckler           |    18 |    53 |    33 ||   104

Table legend: (Time is in decaauts)
 A = Elapsed time spent in this place.
 B = Non-inter-level travel time spent in this place.
 C = Inter-level travel time spent in this place.
 D = Time resting spent in this place.
 E = Time spent auto-exploring this place.
 F = Levels seen in this place.
 G = Mean time per level.
                   A        B        C        D        E       F      G
               +--------+--------+--------+--------+--------+-----+--------+
         Total |   5794 |   5648 |    146 |   1485 |   2810 |   7 |  827.7 |
       Dungeon |   5104 |   4972 |    132 |   1072 |   2721 |   5 | 1020.8 |
        Temple |    111 |     97 |     14 |      0 |     84 |   1 |  111.0 |
         Sewer |    578 |    578 |      0 |    413 |      5 |   1 |  578.0 |
               +--------+--------+--------+--------+--------+-----+--------+

Top non-repeatable levels by time:
     D:3: 1503 daAuts
     D:2: 1449 daAuts
     D:4: 1279 daAuts
     D:1: 755 daAuts
   Sewer: 578 daAuts
     D:5: 116 daAuts
  Temple: 111 daAuts
